 Dungeon Crawl Stone Soup version 0.29-a0-119-g4040846114 (webtiles) character file.

Game seed: 6448035910623300205

78 cyrus the Skirmisher (level 4, 0/24 HPs)
             Began as a Vine Stalker Fighter on Feb 20, 2022.
             Was a Believer of Wu Jian.
             Succumbed to Sigmund's poison
             ... on level 2 of the Dungeon.
             The game lasted 00:04:21 (2534 turns).

cyrus the Skirmisher (Vine Stalker Fighter)         Turns: 2534, Time: 00:04:21

Health: 0/24       AC:  6    Str: 18    XL:     4   Next: 36%
Magic:  2/5        EV:  9    Int: 10    God:    Wu Jian [**....]
Gold:   96         SH:  0    Dex: 14    Spells: 3/3 levels left

rFire   . . .      SeeInvis .   a - +0 war axe
rCold   . . .      Faith    .   c - +0 buckler
rNeg    . . .      Spirit   +   b - +0 scale mail
rPois   .          Reflect  .   (no helmet)
rElec   .          Harm     .   (no cloak)
rCorr   .          Rampage  .   (no gloves)
Will    .....                   (no boots)
Stlth   ..........              (no amulet)
HPRegen 0.88/turn               (no ring)
MPRegen 0.09/turn               (no ring)

@: confused, mighty, lethally poisoned (0 -> -2)
A: fangs 2, regeneration 1, magic shield, antimagic bite, no potion heal 2
a: Renounce Religion, Wall Jump


You were on level 2 of the Dungeon.
You worshipped Wu Jian.
Wu Jian was pleased with you.
You visited 1 branch of the dungeon, and saw 2 of its levels.

You collected 96 gold pieces.

Inventory:

Hand Weapons
 a - a +0 war axe (weapon)
Armour
 b - a +0 scale mail (worn)
 c - a +0 buckler (worn)
Jewellery
 n - an amulet of regeneration
Wands
 k - a wand of digging (6)
Scrolls
 e - a scroll of fog {unknown}
 g - a scroll of enchant weapon {unknown}
 h - 3 scrolls of identify {unknown}
 i - 2 scrolls of teleportation {unknown}
 j - a scroll of enchant armour {unknown}
 m - a scroll of summoning {unknown}
 o - a scroll of blinking {unknown}
Potions
 d - 2 potions of might
 f - a potion of resistance {unknown}
 l - a potion of flight {unknown}


   Skills:
 + Level 3.1 Fighting
 + Level 2.9 Axes
 + Level 2.9 Armour
 + Level 0.1 Stealth
 + Level 3.0 Shields


You had 3 spell levels left.
You didn't know any spells.
Your spell library contained the following spells:

 Spells                   Type           Power      Damage    Failure   Level
 Shock                    Conj/Air       0%         1d3       85%         1


Dungeon Overview and Level Annotations

Branches:
Dungeon (2/15)

Altars:
Wu Jian

Annotations:
D:2 Sigmund


Innate Abilities, Weirdness & Mutations

You have extremely sharp teeth.
Your natural rate of healing is unusually fast.
When hurt, damage is shared between your health and your magic reserves.
Your bite disrupts and absorbs the magic of your enemies.
Potions cannot restore your health.


Message History

You spin to attack Sigmund, but your attack speed is too slow for a blow to land.
You feel sick.
Sigmund giggles. "Time to reap what you sow."
Sigmund hits you with a +1 scythe of venom.
You are more poisoned.
You spin and attack Sigmund.
You closely miss Sigmund.
Sigmund is moderately wounded.
You feel very sick. You block Sigmund's attack.
You spin and attack Sigmund.
You hit Sigmund but do no damage.
Sigmund is moderately wounded.
You feel sick.
You spin and attack Sigmund.
You hit Sigmund.
Sigmund is moderately wounded.
You feel sick. Sigmund closely misses you.
You feel sick. Sigmund gestures at you while chanting.
You are confused.
Unknown command.
You feel sick. Sigmund misses you.
You feel very mighty all of a sudden.
You feel sick.
You barely miss Sigmund. Your bite misses Sigmund.
Sigmund is moderately wounded.
You feel sick. Sigmund gestures at you while chanting.
The puff of flame hits you.
* * * LOW HITPOINT WARNING * * *
Sigmund hits you with a +1 scythe of venom.
* * * LOW HITPOINT WARNING * * *
You are lethally poisoned!
* * * LOW HITPOINT WARNING * * *
You feel very sick.
* * * LOW HITPOINT WARNING * * *
You feel sick. Sigmund barely misses you.
* * * LOW HITPOINT WARNING * * *
You feel sick.
Sigmund points at you and mumbles some strange words.
You are more confused.
You die...

#.##.....#...##.# .#
#.#...##........# .##
#...#.#......#### ##..
#.......#....### #..
#..............## #.#
#...............###.###
#......#.............$#
######.#.......####.#.#
....##.#...<...#@...#.#
###.##.#..##.###.#.@#..
..#.####.#####
#.##.#### ..#.## #.####
#.##...@. .....# #....#
..##.#####
.....######.# ####.#
......# #.# # #.#
#..##.#####.#.# #.#
#.###....##.#.# .#


You could see Sigmund.

Vanquished Creatures
  Robin (D:2)
  A gnoll (D:1)
  3 worms (D:2)
  A dart slug (D:2)
  3 bats (D:1)
  5 endoplasms
  8 goblins
  5 hobgoblins
  2 quokkas (D:1)
  4 ball pythons
  A frilled lizard (D:2)
  5 kobolds
  2 rats (D:2)
41 creatures vanquished.

Vanquished Creatures (others)
  3 fungi (D:1)
  2 plants (D:1)
5 creatures vanquished.

Grand Total: 46 creatures vanquished

Notes
Turn   | Place    | Note
-------+----------+-------------------------------------------
     0 | D:1      | cyrus the Vine Stalker Fighter began the quest for the Orb.
     0 | D:1      | Reached XP level 1. HP: 11/11 MP: 2/2
   139 | D:1      | Reached XP level 2. HP: 4/16 MP: 3/3
   628 | D:1      | Found a faded altar of an unknown god.
   636 | D:1      | Got Plato's Grimoire of Air
   637 | D:1      | Prayed at the altar of an unknown god.
   637 | D:1      | Became a worshipper of the Wu Jian Council
   637 | D:1      | Reached * piety under Wu Jian
   795 | D:1      | Reached XP level 3. HP: 7/20 MP: 1/4
  1871 | D:2      | Noticed Robin
  1878 | D:2      | Reached ** piety under Wu Jian
  1889 | D:2      | Killed Robin
  1890 | D:2      | Gained mutation: Your natural rate of healing is unusually
                  | fast. [Vine Stalker growth]
  1890 | D:2      | Reached XP level 4. HP: 22/24 MP: 5/5
  2515 | D:2      | Noticed Sigmund
  2533 | D:2      | HP: 1/24 [poisoned by Sigmund]
  2534 | D:2      | Succumbed to Sigmund's poison

Illustrated notes

Levels and vault maps discovered:
D:1:      amcnicky_arrival_gap_in_the_tavern_cellar, layout_rooms,
          shapermc_ecumenical_altar_rom_forum
D:2:      layout_rooms, serial_co_window_serial, co_window_paths_b,
          co_window_corner_a, co_window_corner_a, co_window_corner_a,
          co_window_paths_b, co_window_of_opportunity_a, co_window_paths_a,
          co_window_paths_b, co_window_of_opportunity_a, co_window_corner_ca,
          co_window_2corner, co_window_broadway_a, co_window_4corner_a,
          co_window_paths_d, glass_columns_b, glass_columns_b, uniq_sigmund,
          uniq_robin

Skill      XL: |  1  2 |
---------------+-------+-----
Fighting       | 3 |  3.1
Axes           | 2 |  2.9
Shields        | 3 |  3.0
Armour         | |  2.9
Stealth        | |  0.1

Action                   |  1- 3 |  4- 6 || total
-------------------------+-------+-------++-------
Melee: War axe           |    67 |    21 ||    88
       Bite              |    14 |     3 ||    17
Invok: Whirlwind         |    23 |     9 ||    32
       Lunge             |     3 |     3 ||     6
  Use: Potion            |       |     1 ||     1
Armor: Scale mail        |    24 |     2 ||    26
Dodge: Dodged            |    35 |     8 ||    43
Block: Buckler           |    21 |     3 ||    24

Table legend: (Time is in decaauts)
 A = Elapsed time spent in this place.
 B = Non-inter-level travel time spent in this place.
 C = Inter-level travel time spent in this place.
 D = Time resting spent in this place.
 E = Time spent auto-exploring this place.
 F = Levels seen in this place.
 G = Mean time per level.
                   A        B        C        D        E       F      G
               +--------+--------+--------+--------+--------+-----+--------+
         Total |   2556 |   2503 |     53 |   1137 |   1022 |   2 | 1278.0 |
       Dungeon |   2556 |   2503 |     53 |   1137 |   1022 |   2 | 1278.0 |
               +--------+--------+--------+--------+--------+-----+--------+

Top non-repeatable levels by time:
     D:1: 1444 daAuts
     D:2: 1112 daAuts
